 Dungeon Crawl Stone Soup version 0.28.0-53-g5a82cb258f (webtiles) character file.

Game seed: 10995371744999074882

672 KamiKatze the Chopper (level 7, -4/43 HPs)
             Began as a Gargoyle Berserker on July 25, 2022.
             Was a Believer of Trog.
             Slain by an orc warrior
             ... wielding a +0 glaive
              (10 damage)
             ... on level 4 of the Dungeon.
             The game lasted 00:12:05 (4564 turns).

KamiKatze the Chopper (Gargoyle Berserker)          Turns: 4564, Time: 00:12:06

Health: -4/43      AC: 13    Str: 23    XL:     7   Next: 59%
Magic:  7/7        EV: 10    Int:  7    God:    Trog [**....]
Gold:   176        SH:  0    Dex:  9    Spells: 6/6 levels left

rFire   . . .      SeeInvis .   a - +0 hand axe
rCold   . . .      Faith    .   (no shield)
rNeg    + . .      Spirit   .   b - +0 scale mail
rPois   ∞          Reflect  .   (no helmet)
rElec   +          Harm     .   (no cloak)
rCorr   .          Rampage  .   c - +1 pair of gloves
Will    .....                   (no boots)
Stlth   ..........              (no amulet)
HPRegen 0.14/turn               (no ring)
MPRegen 0.10/turn               (no ring)

@: on berserk cooldown, slowed, very slow
A: sickness immunity, AC +4, negative energy resistance 1, electricity
resistance, torment resistance 1, petrification resistance
a: Renounce Religion, Berserk, Trog's Hand


You were on level 4 of the Dungeon.
You worshipped Trog.
Trog was pleased with you.
You visited 1 branch of the dungeon, and saw 4 of its levels.

You collected 176 gold pieces.

Inventory:

Hand Weapons
 a - a +0 hand axe (weapon)
 l - the +6 dagger of Wrath {flame, rC+}
   (You found it on level 2 of the Dungeon)

   It burns those it strikes, dealing additional fire damage.
   rC:        It protects you from cold.
 q - a +0 war axe
 y - a +0 flail
Missiles
 m - 7 stones (quivered)
Armour
 b - a +0 scale mail (worn)
 c - a +1 pair of gloves (worn)
 k - a +0 leather armour
Wands
 u - a wand of polymorph (9)
Scrolls
 d - a scroll of brand weapon {unknown}
 f - a scroll of vulnerability {unknown}
 g - 2 scrolls of noise {unknown}
 h - a scroll of teleportation {unknown}
 j - a scroll of enchant armour {unknown}
 p - 2 scrolls of immolation {unknown}
 r - a scroll of blinking {unknown}
 w - a scroll of magic mapping {unknown}
Potions
 e - a potion of cancellation
 i - 2 potions of heal wounds
 n - a potion of invisibility
 o - a potion of magic
 s - a potion of flight
 v - a potion of lignification
 x - a potion of brilliance
 z - a potion of resistance {unknown}


   Skills:
 - Level 4.0 Fighting
 * Level 7.3 Axes
 - Level 3.0 Armour
 - Level 2.0 Dodging


You had 6 spell levels left.
You didn't know any spells.
Your spell library contained the following spells:

 Spells                   Type           Power      Damage    Failure   Level
 Corpse Rot               Necr/Air       0%         N/A       87%         2
 Poisonous Vapours        Pois/Air       0%         N/A       87%         2
 Airstrike                Air            0%         N/A       100%        4
 Summon Lightning Spire   Summ/Air       0%         N/A       100%        4
 Lightning Bolt           Conj/Air       0%         1d11      100%        5


Dungeon Overview and Level Annotations

Branches:
Dungeon (4/15)
 Temple: D:4-7

Altars:


Innate Abilities, Weirdness & Mutations

You are immune to sickness and miasma.
Your stone body is resilient. (AC +4)
You are immune to poison.
You resist negative energy. (rN+)
You are resistant to electric shocks. (rElec)
You are resistant to unholy torment.
You are immune to petrification.


Message History

The orc warrior hits you with a +0 glaive!
You barely miss the orc warrior.
The orc warrior is severely wounded.
The orc warrior closely misses you.
The orc priest invokes the aid of Beogh against you.
Beogh smites you!
You completely miss the orc warrior.
The orc warrior is severely wounded.
You barely miss the orc warrior.
The orc warrior is severely wounded.
The orc warrior hits you with a +0 glaive.
You hit the orc warrior.
The orc warrior is severely wounded.
The orc warrior hits you with a +0 glaive.
You closely miss the orc warrior.
The orc warrior is severely wounded.
You closely miss the orc warrior.
The orc warrior is severely wounded.
The orc warrior hits you but does no damage.
The orc priest calls upon Beogh to heal the orc warrior.
The orc warrior is healed somewhat.
You hit the orc warrior.
The orc warrior is severely wounded.
The orc warrior hits you with a +0 glaive!
* * * LOW HITPOINT WARNING * * *
You closely miss the orc warrior.
The orc warrior is severely wounded.
You barely miss the orc warrior.
The orc warrior is severely wounded.
The orc warrior hits you with a +0 glaive!
* * * LOW HITPOINT WARNING * * *
You hit the orc warrior.
The orc warrior is almost dead.
You are no longer berserk.
You are exhausted.
You feel yourself slow down.
You closely miss the orc warrior.
The orc warrior is almost dead.
The orc warrior hits you with a +0 glaive!
You die...

#........#####.....####.........#
...........o.)..#.....'.........'
#>..>.#..######....####.........#
#...#.#.÷# ##..## ##.......##
#..##....# #.## ##.....##
#........# #(# ##...## ##.###..##
#o# ##'## #.###..# #o# #.#
##......# #@# ### #.# ..####.##
#.######.###.##### ...# #.#
#.......#.#....... #..# #.#
########.#......## #..###.#
#.##.....# ....)..# #.###.#..#
#..##### #.#####..# ...#
#.......<## #.## #######....


You could see an orc warrior and an orc priest.

Vanquished Creatures
  A wyvern (D:4)
  An ogre (D:4)
  A hound (D:4)
  A centaur skeleton (D:4)
  2 iguanas (D:4)
  Natasha (thrice) (D:2)
  An orc wizard (D:4)
  A killer bee zombie (D:3)
  2 hound skeletons (D:4)
  7 gnolls
  A howler monkey skeleton (D:4)
  2 adders
  A worm (D:3)
  3 dart slugs
  9 orcs
  10 bats
  5 endoplasms
  A giant cockroach (D:2)
  8 hobgoblins
  3 jackals (D:3)
  9 kobolds
  2 quokkas
  10 ball pythons
  A frilled lizard (D:3)
  4 goblins
  5 rats
94 creatures vanquished.

Notes
Turn   | Place    | Note
-------+----------+-------------------------------------------
     0 | D:1      | KamiKatze the Gargoyle Berserker began the quest for the
                  | Orb.
     0 | D:1      | Reached XP level 1. HP: 14/14 MP: 1/1
   461 | D:1      | Reached XP level 2. HP: 19/19 MP: 2/2
   542 | D:1      | Reached skill level 3 in Axes
   757 | D:1      | Found a faded altar of an unknown god.
   757 | D:1      | Noticed a Tzitzimitl
   988 | D:2      | Reached XP level 3. HP: 20/23 MP: 3/3
  1020 | D:2      | Identified the +6 dagger of Wrath {flame, rC+}
  1053 | D:2      | Reached XP level 4. HP: 11/29 MP: 4/4
  1258 | D:2      | Reached ** piety under Trog
  1318 | D:2      | Noticed Natasha
  1329 | D:2      | Killed Natasha
  1485 | D:2      | Reached skill level 4 in Axes
  1987 | D:2      | Reached XP level 5. HP: 33/33 MP: 5/5
  2005 | D:2      | Noticed Natasha
  2013 | D:2      | Killed Natasha
  2193 | D:2      | Noticed Natasha
  2202 | D:2      | Killed Natasha
  2718 | D:3      | Reached skill level 5 in Axes
  3085 | D:3      | Reached XP level 6. HP: 32/38 MP: 6/6
  3722 | D:4      | Noticed a wyvern
  3740 | D:4      | Killed a wyvern
  3741 | D:4      | Reached skill level 6 in Axes
  3741 | D:4      | Reached XP level 7. HP: 39/43 MP: 7/7
  4015 | D:4      | Reached skill level 7 in Axes
  4564 | D:4      | Slain by an orc warrior

Illustrated notes

Levels and vault maps discovered:
D:1:      giann_wishing_wells, layout_loops_corners,
          dreamdust_ecumenical_altar_sealed_demon
D:2:      layout_loops_ring, serial_co_window_serial, co_window_paths_a,
          co_window_of_opportunity_a, co_window_paths_a, co_window_corner_a,
          co_window_corner_a, co_window_paths_b, co_window_of_opportunity_c,
          co_window_of_opportunity_c, co_window_corner_ca, co_window_corner_b,
          glass_columns_b, glass_columns_b, glass_columns_a,
          minmay_pentomino_v4, uniq_natasha
D:3:      layout_basic
D:4:      layout_loops_corners, corexii_item_surrounded_by_moat

Skill      XL: |  1  2  3  4  5  6  7 |
---------------+----------------------+-----
Axes           | 3 4 5 6 7 |  7.3
Dodging        | 2 |  2.0
Armour         | 3 |  3.0
Fighting       | 4 |  4.0

Action                   |  1- 3 |  4- 6 |  7- 9 || total
-------------------------+-------+-------+-------++-------
Melee: Hand axe          |    63 |   174 |    83 ||   320
       Punch             |       |     4 |       ||     4
       War axe           |       |     9 |       ||     9
Throw: Dart              |       |       |     4 ||     4
Invok: Berserk           |     1 |     6 |     4 ||    11
       Trog's Hand       |       |     1 |     1 ||     2
  Use: Scroll            |       |     7 |     1 ||     8
Armor: Animal skin       |    15 |       |       ||    15
       Leather armour    |    19 |    27 |       ||    46
       Scale mail        |       |    51 |    22 ||    73
       Ring mail         |       |     1 |       ||     1
Dodge: Dodged            |    40 |   122 |    31 ||   193
